AoeStats
← Fries

Fortress

509403051Analyzed
4v4 RM · 6d ago on Sep 26, 2026· 45m 52s· 8 players
Game mode
Random Map
Map size
Huge
Population
200
Speed
Normal
Resources
Standard
Victory
Conquest
Starting age
Dark Age
Ending age
Imperial Age
RankedLock teamsTeams togetherTeam positionsShared explorationLock speedFull tech treeHidden civsTurbo modeCheats
Victory
Defeat
🇹🇼 Byzantines · Taiwan
1608
+15
🇹🇼 Saracens · Taiwan
1607
+15
1575
+16
🇹🇼 Persians · Taiwan
1542
+18
🇦🇷 Khmer · Argentina
1610
-17
🇹🇷 Hindustanis · Türkiye
1603
-17
🇨🇴 Mongols · Colombia
1577
-16
🇲🇽 Berbers · Mexico
1540
-14
RKs Raggz
7:46 Feudal Age
9:04 Double-Bit Axe
9:05 Loom
11:45 Castle Age
9:45 Horse Collar
10:16 Fletching
12:46 Bodkin Arrow
12:59 Padded Archer Armor
21:56 Leather Archer Armor
22:34 Bloodlines
22:25 Husbandry
25:28 Wheelbarrow
27:30 Imperial Age
27:09 Thumb Ring
29:26 Bracer
29:57 Ring Archer Armor
31:08 Chemistry
30:53 Stone Mining
30:56 Gold Mining
31:25 Bow Saw
31:18 Heavy Plow
32:43 Elite Camel Archer
34:12 Murder Holes
35:49 Conscription
35:31 Maghrebi Camels
37:28 Ballistics
37:47 Gold Shaft Mining
38:44 Coinage
38:41 Forging
38:36 Scale Barding Armor
39:15 Stone Shaft Mining
38:53 Town Watch
39:28 Hand Cart
39:39 Caravan
40:11 Banking
39:42 Caravan
40:28 Iron Casting
40:33 Hoardings
40:02 Kasbah
41:25 Chain Barding Armor
40:28 Light Cavalry
41:24 Town Patrol
41:20 Hussar
43:08 Plate Barding Armor
MZTK | KaLiuM
7:20 Feudal Age
11:11 Castle Age
9:06 Double-Bit Axe
9:23 Horse Collar
13:16 Loom
16:16 Wheelbarrow
16:02 Heavy Plow
17:28 Bow Saw
19:24 Gold Mining
19:26 Stone Mining
20:37 Hand Cart
25:48 Imperial Age
23:17 Fletching
24:45 Gold Shaft Mining
24:45 Stone Shaft Mining
24:01 Town Watch
24:59 Bodkin Arrow
25:26 Ballistics
25:57 Padded Archer Armor
26:10 Bloodlines
26:00 Husbandry
26:09 Thumb Ring
27:33 Bracer
27:06 Elite Skirmisher
28:32 Leather Archer Armor
29:19 Chemistry
28:30 Masonry
29:06 Parthian Tactics
29:37 Elite Mangudai
31:49 Conscription
32:26 Onager
34:32 Onager
36:41 Light Cavalry
37:38 Scale Barding Armor
37:44 Forging
37:29 Hussar
39:11 Chain Barding Armor
41:36 Iron Casting
44:24 Blast Furnace
Apep
9:31 Feudal Age
10:28 Double-Bit Axe
10:24 Horse Collar
13:29 Castle Age
12:55 Gold Mining
14:27 Bow Saw
19:19 Imperial Age
17:24 Padded Archer Armor
19:18 Wheelbarrow
21:03 Chemistry
21:57 Fletching
22:03 Loom
26:44 Scale Barding Armor
27:33 Heavy Camel Rider
29:50 Bloodlines
30:44 Forging
34:01 Iron Casting
34:05 Husbandry
38:04 Blast Furnace
37:39 Chain Barding Armor
37:17 Imperial Camel Rider
41:03 Plate Barding Armor
41:48 Light Cavalry
peke
6:42 Feudal Age
8:00 Horse Collar
11:36 Castle Age
9:59 Double-Bit Axe
11:13 Wheelbarrow
12:38 Bow Saw
12:46 Heavy Plow
16:13 Wheelbarrow
16:23 Gold Mining
17:51 Hand Cart
17:52 Town Watch
19:59 Gold Shaft Mining
19:36 Loom
21:39 Stone Mining
24:38 Imperial Age
22:02 Fletching
22:44 Bodkin Arrow
23:18 Padded Archer Armor
24:17 Stone Shaft Mining
23:23 Elite Skirmisher
24:47 Ballistics
24:52 Leather Archer Armor
25:17 Bloodlines
25:07 Husbandry
25:22 Bracer
26:23 Chemistry
25:35 Elite Skirmisher
27:19 Ring Archer Armor
27:50 Conscription
27:13 Capped Ram
28:41 Siege Ram
32:09 Heavy Scorpion
33:13 Siege Engineers
32:38 Heavy Scorpion
32:48 Heavy Scorpion
34:21 Pikeman
35:10 Scale Mail Armor
35:41 Forging
35:08 Halberdier
36:33 Chain Mail Armor
38:26 Coinage
38:32 Iron Casting
再吵去東湖框你媽出場
8:30 Feudal Age
9:52 Double-Bit Axe
9:50 Horse Collar
12:27 Castle Age
12:06 Gold Mining
13:31 Bow Saw
13:26 Heavy Plow
13:37 Padded Archer Armor
20:46 Leather Archer Armor
22:54 Wheelbarrow
24:39 Hand Cart
24:10 Loom
27:25 Stone Mining
30:24 Imperial Age
28:23 Fortified Wall
31:42 Ring Archer Armor
31:06 Town Watch
33:43 Elite Janissary
34:44 Conscription
35:32 Gold Shaft Mining
37:35 Hoardings
36:43 Treadmill Crane
38:05 Bloodlines
37:56 Husbandry
38:40 Fletching
39:23 Ring Archer Armor
41:09 Two-Man Saw
40:29 Caravan
41:22 Fervor
41:32 Sanctity
42:42 Artillery
43:32 Bombard Tower
43:33 Ballistics
43:08 Murder Holes
43:24 Masonry
43:06 Fletching
45:54 Coinage
45:34 Guilds
BøM_antihack.exe
7:34 Feudal Age
9:07 Double-Bit Axe
12:00 Castle Age
10:06 Horse Collar
12:54 Bow Saw
16:48 Wheelbarrow
16:11 Loom
18:05 Wheelbarrow
19:44 Stone Mining
24:24 Imperial Age
21:58 Fletching
22:14 Crossbowman
24:00 Bodkin Arrow
26:27 Chemistry
25:48 Bracer
26:15 Thumb Ring
27:33 Ballistics
27:57 Padded Archer Armor
27:20 Arbalester
28:36 Elite Skirmisher
31:34 Leather Archer Armor
31:40 Hand Cart
32:33 Conscription
33:03 Ring Archer Armor
34:37 Caravan
34:46 Scale Mail Armor
34:57 Forging
35:52 Heavy Plow
36:54 Two-Man Saw
39:32 Coinage
39:13 Guilds
39:31 Block Printing
39:27 Redemption
40:58 Fortified Wall
40:29 Treadmill Crane
41:21 Illumination
42:39 Sanctity
Fries
7:50 Feudal Age
8:42 Double-Bit Axe
8:58 Horse Collar
11:33 Castle Age
13:04 Heavy Plow
13:34 Bow Saw
17:22 Wheelbarrow
20:35 Hand Cart
22:29 Loom
26:18 Imperial Age
23:40 Gold Mining
24:53 Scale Barding Armor
25:22 Bloodlines
25:13 Husbandry
25:54 Chain Barding Armor
26:24 Gold Shaft Mining
26:17 Cavalier
27:00 Stone Mining
27:38 Conscription
29:08 Plate Barding Armor
28:45 Savar
30:03 Forging
31:44 Iron Casting
31:53 Light Cavalry
34:08 Blast Furnace
34:14 Pikeman
35:24 Halberdier
36:05 Squires
35:51 Gambesons
35:51 Arson
36:25 Scale Mail Armor
36:00 Hussar
42:09 Chain Mail Armor
42:07 Caravan
43:28 Plate Mail Armor
43:56 Fletching
BøM_Sheuu
7:29 Feudal Age
11:14 Castle Age
9:09 Double-Bit Axe
10:08 Horse Collar
13:42 Bow Saw
19:55 Wheelbarrow
20:15 Gold Mining
20:26 Heavy Plow
20:45 Loom
22:07 Gold Shaft Mining
22:05 Hand Cart
21:48 Stone Mining
25:23 Imperial Age
24:17 Gold Shaft Mining
24:21 Scale Barding Armor
24:28 Bloodlines
24:18 Husbandry
24:43 Forging
24:34 Town Watch
25:52 Elite Mameluke
27:13 Chain Barding Armor
27:35 Iron Casting
28:41 Conscription
28:31 Town Patrol
28:31 Light Cavalry
29:58 Caravan
31:03 Plate Barding Armor
31:27 Iron Casting
33:09 Blast Furnace
32:00 Fletching
34:53 Two-Man Saw
34:57 Chemistry
33:26 Hussar
34:50 Hoardings
40:49 Ballistics
42:29 Bodkin Arrow
44:06 Hoardings
43:45 Siege Engineers
Connection lost

Rejoining the realm…

Still unreachable

The connection could not be restored.

Session expired

The server has moved on; the page needs a fresh start.